Map: New Gettysburg LE

Players

PtitDrogo

  • Race: Protoss Protoss

Dark - Winner!

  • Race: Zerg Zerg

Event: 2016 WCS Global Finals

VOD

Have the link to the VOD?

Description

Time

  • Played on: Oct. 27, 2016, 11:20 a.m.
  • Length: 13:49

All games in this series

Show
View Real Time Build Order
Export as new Build Order

PtitDrogo Protoss 

Build Orders: 1 Gate Expand, Oracle Opening, Zealot Archon 

Get SALT Encoding   

  12  0:00  Probe (Chrono Boost)  
  13  0:11  Probe (Chrono Boost)  
  14  0:18  Pylon  
  14  0:22  Probe (Chrono Boost)  
  15  0:36  Probe (Chrono Boost)  
  15  0:40  Gateway  
  16  0:47  Probe (Chrono Boost)  
  16  0:48  Assimilator  
  17  0:57  Probe (Chrono Boost)  
  18  1:08  Probe (Chrono Boost)  
  19  1:22  Nexus  
  19  1:24  Probe (Chrono Boost)  
  20  1:35  Cybernetics Core  
  20  1:37  Probe (Chrono Boost)  
  21  1:43  Assimilator  
  21  1:49  Probe (Chrono Boost)  
  21  1:52  Pylon  
  22  2:00  Probe (Chrono Boost)  
  23  2:09  Adept  
  23  2:12  Probe (Chrono Boost)  
  27  2:24  Probe (Chrono Boost)  
  27  2:25  Stargate  
  27  2:32  Warp Gate  
  27  2:33  Adept  
  27  2:34  Probe (Chrono Boost)  
  27  2:36  Probe (Chrono Boost)  
  31  2:45  Probe (Chrono Boost)  
  31  2:48  Probe (Chrono Boost)  
  33  2:55  Probe (Chrono Boost)  
  34  2:59  Probe (Chrono Boost)  
  34  3:00  Zealot  
  37  3:06  Probe (Chrono Boost)  
  37  3:07  Oracle  
  37  3:10  Probe (Chrono Boost)  
  42  3:16  Probe (Chrono Boost)  
  43  3:21  Gateway  
  43  3:22  Probe (Chrono Boost)  
  43  3:26  Gateway  
  44  3:29  Pylon  
  44  3:30  Mothership Core (Chrono Boost)  
  47  3:48  Probe (Chrono Boost)  
  47  3:49  Probe (Chrono Boost)  
  47  3:54  Nexus  
  47  3:55  Pylon  
  48  3:59  Probe (Chrono Boost)  
  48  4:00  Probe (Chrono Boost), Oracle  
  53  4:13  Probe x2 (Chrono Boost)  
  55  4:20  Assimilator x2  
  55  4:24  Probe (Chrono Boost)  
  57  4:25  Pylon, Probe (Chrono Boost)  
  57  4:32  Robotics Facility  
  57  4:33  Pylon  
  57  4:34  Probe (Chrono Boost)  
  57  4:36  Sentry  
  57  4:37  Probe (Chrono Boost)  
  61  4:45  Probe (Chrono Boost)  
  62  4:49  Probe (Chrono Boost), Void Ray  
  62  4:51  Zealot x2  
  67  4:55  Probe (Chrono Boost)  
  73  5:01  Probe (Chrono Boost)  
  73  5:18  Observer, Probe (Chrono Boost)  
  73  5:19  Probe x2 (Chrono Boost)  
  74  5:26  Forge, Twilight Council  
  74  5:29  Probe (Chrono Boost)  
  74  5:31  Pylon, Probe x2 (Chrono Boost)  
  74  5:32  Zealot, Sentry  
  81  5:39  Probe (Chrono Boost)  
  84  5:43  Probe x2 (Chrono Boost)  
  84  5:48  Assimilator  
  85  5:50  Assimilator, Probe (Chrono Boost), Protoss Ground Weapons Level 1  
  85  5:55  Probe x2 (Chrono Boost)  
  85  5:57  Gateway x2  
  87  5:59  Charge  
  87  6:00  Gateway x2  
  87  6:01  Probe (Chrono Boost)  
  87  6:03  Pylon  
  88  6:07  Probe x2 (Chrono Boost)  
  88  6:10  Warp Prism  
  90  6:13  Probe (Chrono Boost)  
  95  6:19  Probe x2 (Chrono Boost)  
  95  6:24  Pylon  
  95  6:25  Probe (Chrono Boost)  
  96  6:27  Gateway x2  
  96  6:29  Templar Archives  
  96  6:31  Probe (Chrono Boost)  
  96  6:32  Probe (Chrono Boost)  
  98  6:36  Gateway  
  98  6:40  Zealot  
  98  6:41  Immortal, Zealot x2  
  107  7:05  High Templar x2  
  107  7:06  Zealot  
  113  7:12  Pylon  
  113  7:13  Pylon  
  113  7:14  Photon Cannon  
  113  7:15  Photon Cannon, Pylon  
  113  7:17  Pylon  
  113  7:19  Archon  
  113  7:20  Photon Cannon, Immortal  
  117  7:36  Nexus  
  117  7:39  Pylon  
  117  7:40  High Templar x4  
  117  7:44  Archon x2  
  119  7:45  Zealot x4  
  119  7:48  Pylon  
  127  7:56  Pylon, Oracle  
  127  7:57  Observer  
  131  8:06  High Templar x2, Zealot x2  
  131  8:07  Zealot  
  131  8:09  Pylon  
  131  8:10  Archon  
  141  8:16  Warp Prism  
  137  8:22  Protoss Ground Weapons Level 2  
  137  8:27  Photon Cannon  
  137  8:29  High Templar x2  
  137  8:30  Zealot x3  
  137  8:31  Zealot x2  
  137  8:34  Archon  
  151  8:38  Probe x2 (Chrono Boost)  
  151  8:39  Photon Cannon  
  153  8:44  Assimilator  
  153  8:46  Photon Cannon, Assimilator  
  153  9:05  Zealot x7  
  161  9:14  Probe x3 (Chrono Boost)  
  161  9:15  Probe (Chrono Boost)  
  138  9:26  Probe x4 (Chrono Boost)  
  138  9:30  High Templar x4, Immortal  
  138  9:31  Zealot x5  
  160  9:34  Archon x2  
  160  9:36  Probe (Chrono Boost)  
  160  9:38  Probe x3 (Chrono Boost)  
  160  9:51  Probe (Chrono Boost)  
  160  9:52  Probe x3 (Chrono Boost)  
  163  10:04  Zealot x8  
  171  10:15  Probe x2 (Chrono Boost)  
  171  10:23  Immortal  
  119  10:40  High Templar x7  
  119  10:41  High Templar x2  
  124  10:54  Archon  
  124  10:55  Archon x3  
  118  10:58  Immortal  
  118  11:00  High Templar  
  121  11:05  Robotics Facility  
  116  11:12  Zealot x5  
  116  11:13  Zealot x2  
  116  11:17  Archon  
  114  11:22  Probe (Chrono Boost)  
  114  11:23  Probe (Chrono Boost)  
  114  11:24  Probe (Chrono Boost)  
  106  11:26  Probe (Chrono Boost)  
  106  11:27  Zealot  
  106  11:32  Immortal  
  92  11:34  Zealot x7  
  92  11:35  Zealot  
  114  11:41  Probe x2 (Chrono Boost)  
  114  11:44  Probe (Chrono Boost)  
  115  11:49  Immortal  
  119  11:57  High Templar x5  
  119  11:58  High Templar  
  119  12:00  Nexus  
  131  12:01  Archon x2, Pylon  
  131  12:02  Archon  
  131  12:13  Mothership Core (Chrono Boost), Void Ray  
  137  12:23  Fleet Beacon  
  135  12:33  Stargate  
  135  12:38  Stargate  
  134  12:46  Zealot x4  
  134  12:47  Zealot x6  
  134  12:50  Void Ray  
  121  13:22  Zealot  
  121  13:23  Zealot x3  
Show
View Real Time Build Order
Export as new Build Order

Dark Zerg - Winner!

Build Orders: Hatch First 

Get SALT Encoding   

  12  0:00  Drone  
  13  0:13  Overlord  
  13  0:19  Drone  
  14  0:33  Drone x2  
  16  0:36  Drone  
  17  0:53  Hatchery  
  16  0:58  Drone  
  16  1:01  Drone  
  18  1:09  Extractor  
  17  1:16  Spawning Pool  
  17  1:18  Drone  
  17  1:22  Drone  
  18  1:29  Drone  
  19  1:42  Overlord  
  19  1:53  Drone  
  20  2:03  Zergling x2, Queen  
  20  2:05  Queen  
  20  2:06  Drone  
  26  2:10  Metabolic Boost  
  26  2:12  Drone  
  27  2:16  Drone  
  28  2:23  Drone  
  28  2:29  Drone  
  30  2:39  Hatchery  
  30  2:44  Zergling x4  
  30  2:50  Overlord  
  31  2:52  Drone  
  31  2:56  Pneumatized Carapace  
  32  2:59  Drone  
  32  3:01  Drone  
  34  3:07  Drone  
  34  3:11  Drone  
  36  3:14  Drone x2  
  36  3:15  Drone  
  36  3:19  Drone x2  
  41  3:25  Overlord  
  41  3:32  Drone  
  42  3:35  Roach Warren  
  42  3:36  Drone x2  
  43  3:42  Zergling x2  
  43  3:43  Queen  
  43  3:47  Spore Crawler  
  45  3:49  Spore Crawler  
  45  3:52  Queen  
  45  3:55  Drone  
  47  3:57  Drone  
  47  3:58  Drone  
  47  4:00  Drone  
  47  4:02  Drone  
  51  4:10  Drone x4  
  51  4:11  Overlord  
  51  4:15  Extractor  
  51  4:16  Extractor  
  53  4:18  Overlord  
  53  4:20  Drone, Spore Crawler  
  55  4:26  Drone x2  
  55  4:28  Zergling x2  
  55  4:29  Overlord  
  55  4:31  Extractor  
  57  4:35  Zergling x6  
  57  4:36  Evolution Chamber  
  57  4:37  Drone  
  60  4:39  Drone  
  60  4:40  Drone  
  60  4:41  Drone  
  63  4:48  Drone  
  63  4:50  Drone  
  65  4:53  Drone x3  
  65  4:56  Zergling x4  
  65  4:57  Drone x2  
  72  5:01  Lair  
  69  5:08  Drone x5  
  72  5:16  Drone  
  73  5:21  Zerg Melee Weapons Level 1  
  73  5:23  Drone  
  73  5:24  Drone, Extractor  
  73  5:25  Extractor  
  73  5:29  Drone x2  
  73  5:32  Drone x4  
  73  5:33  Drone x2, Extractor  
  73  5:34  Drone  
  73  5:35  Extractor  
  80  5:39  Overlord  
  80  5:40  Drone  
  80  5:45  Overlord  
  81  5:50  Drone  
  81  5:56  Overlord x2  
  81  5:59  Hatchery  
  80  6:06  Hatchery  
  80  6:08  Hydralisk Den  
  79  6:11  Drone x5  
  79  6:14  Overlord, Evolution Chamber  
  79  6:16  Drone x2, Infestation Pit  
  83  6:21  Drone  
  83  6:22  Drone x2  
  83  6:23  Baneling Nest  
  85  6:27  Zergling x2  
  85  6:28  Zergling x10  
  91  6:34  Drone  
  92  6:44  Zerg Ground Armor Level 1, Muscular Augments, Hydralisk  
  92  6:45  Hydralisk x3  
  100  6:48  Overlord  
  100  6:49  Hydralisk  
  100  6:51  Hydralisk  
  100  6:53  Hydralisk  
  101  6:58  Zergling x2  
  101  7:00  Hydralisk  
  105  7:12  Centrifical Hooks, Hive  
  105  7:13  Drone  
  105  7:14  Drone x6  
  105  7:15  Drone x2  
  114  7:17  Drone  
  114  7:18  Drone  
  115  7:23  Hydralisk x3  
  115  7:27  Baneling  
  115  7:28  Baneling x3  
  121  7:31  Spore Crawler  
  121  7:32  Drone x3  
  121  7:33  Drone  
  121  7:34  Drone  
  123  7:37  Drone x3  
  126  7:45  Zerg Melee Weapons Level 2  
  126  7:47  Overlord x2  
  126  7:48  Overlord x2  
  125  8:06  Hydralisk x3  
  125  8:08  Zergling x18  
  140  8:14  Hatchery  
  140  8:17  Overlord x2  
  140  8:19  Zergling x18  
  146  8:24  Zergling x6  
  146  8:25  Overlord x2  
  148  8:27  Adrenal Glands  
  148  8:34  Spire  
  148  8:36  Ultralisk Cavern  
  148  8:39  Drone x2  
  148  8:41  Overseer  
  148  8:43  Baneling x5  
  148  8:45  Zergling x14  
  155  8:57  Drone  
  155  8:58  Spore Crawler  
  155  8:59  Zergling x18  
  164  9:06  Zergling x2  
  164  9:07  Zergling x8  
  166  9:14  Baneling x5  
  166  9:15  Baneling x3  
  164  9:20  Zergling x18  
  164  9:23  Drone, Baneling x3  
  164  9:24  Drone, Baneling  
  174  9:25  Drone, Extractor  
  174  9:26  Drone  
  174  9:27  Extractor  
  175  9:34  Baneling  
  175  9:35  Baneling x10  
  174  9:39  Ultralisk x2  
  174  9:42  Zergling x4  
  176  9:46  Ultralisk  
  176  9:48  Greater Spire  
  176  9:50  Zergling x2  
  181  9:53  Zergling x2  
  181  9:54  Zergling x10  
  181  9:58  Spine Crawler  
  186  10:07  Zergling x2  
  186  10:14  Zergling x2  
  186  10:15  Overlord x2  
  167  10:30  Zergling x18  
  167  10:31  Zergling x10  
  167  10:32  Zergling x6  
  167  10:33  Zergling x2  
  167  10:34  Zergling x2  
  159  10:37  Zergling x6  
  159  10:39  Hatchery  
  159  10:42  Zergling x4, Ultralisk  
  169  10:44  Zergling x2  
  169  10:46  Zergling x4  
  169  10:47  Zergling x4  
  168  10:59  Corruptor x3  
  168  11:00  Corruptor x2  
  177  11:10  Corruptor  
  144  11:23  Zergling x2  
  144  11:24  Zergling x20  
  151  11:28  Zergling x4  
  143  11:42  Overseer, Brood Lord x4  
  143  11:43  Drone x4, Brood Lord  
  143  11:44  Drone  
  158  11:47  Zergling x4  
  158  11:50  Brood Lord  
  162  11:55  Baneling  
  162  11:56  Baneling x10  
  162  11:57  Zergling x12  
  162  11:58  Zergling x6  
  171  12:06  Zergling x8  
  171  12:07  Zergling x8  
  177  12:12  Drone x5  
  177  12:14  Zergling x4  
  184  12:24  Baneling x7  
  184  12:25  Baneling  
  184  12:28  Zergling x2, Baneling x2  
  184  12:29  Baneling x5  
  185  12:30  Zergling x2  
  185  12:31  Zergling x2  
  185  12:33  Hatchery  
  185  12:34  Baneling x5  
  186  12:38  Zergling x4  
  186  12:39  Zergling x4  
  186  12:41  Zergling x8  
  193  12:50  Overlord  
  193  13:01  Zergling x6  
  193  13:04  Zergling x8  
  194  13:09  Zergling x8  
  194  13:10  Zergling x2  
  196  13:15  Zergling x2  
  196  13:16  Zergling x18  
  196  13:19  Zergling x4  
  193  13:20  Zergling x2  
  193  13:26  Zergling x4  
  192  13:28  Zergling x2  
  192  13:29  Zergling x4  
  192  13:30  Zergling x4  
Tags
 
Add a new tag
Caveats
  • Supply blocks, unpowered buildings, or Contaminate may cause inaccurate times.
  • Supply counts are checked every 10 seconds.